 Dungeon Crawl Stone Soup version 0.17-a0-2093-gc772f4b (webtiles) character file.

3836 st0uf the Fighter (level 9, 8/189 HPs)
             Began as a Minotaur Monk on Oct 16, 2015.
             Was an Elder of Okawaru.
             Quit the game on level 8 of the Dungeon.
             The game lasted 00:52:09 (8868 turns).

st0uf the Fighter (Minotaur Monk)                   Turns: 8868, Time: 00:52:09

Health: 8/189      AC: 24    Str: 21    XL:     9   Next: 98%
Magic:  13/13      EV:  2    Int:  7    God:    Okawaru [****..]
Gold:   342        SH:  0    Dex: 19    Spells: 0 memorised, 8 levels left

rFire  . . .     SeeInvis .     q - +0 mace
rCold  . . .     Clarity  .     (armour currently unavailable)
rNeg   + + +     SustAt   .     (no shield)
rPois  +         Gourm    .     (helmet currently unavailable)
rElec  .         Spirit   .     (cloak currently unavailable)
rCorr  +         Warding  .     (gloves currently unavailable)
rMut   .         NoTele   +     (boots currently unavailable)
MR     .....                    m - amulet of resist corrosion
Stlth  ..........               (no ring)
                                (no ring)

@: agile, berserking, lethally poisoned (8 -> -11), tree-form, very slightly
contaminated, invisible, very quick, not resistant to hostile enchantments,
extremely unstealthy
A: (retaliatory headbutt), (hooves 0), (horns 0), weak 1
a: Heroism, Renounce Religion


You were on level 8 of the Dungeon.
You worshipped Okawaru.
Okawaru was greatly pleased with you.
You were not hungry.
You were a tree.
You visited 2 branches of the dungeon, and saw 10 of its levels.
You also visited: Sewer.

You collected 342 gold pieces.

Inventory:

Hand Weapons
 q - a +0 mace (weapon)
 u - a +0 blowgun
 M - a -1 flail
Missiles
 g - 8 needles of sleeping
 v - 29 poisoned needles
 L - 6 curare-tipped needles
 Q - 4 throwing nets (quivered)
Armour
 a - a +2 scale mail of positive energy (melded)
 O - a +1 pair of gloves (melded)
Jewellery
 m - an amulet of resist corrosion (around neck)
Wands
 F - a wand of slowing (28)
 N - a wand of paralysis (13)
 S - a wand of random effects (37)
 U - a wand of fire (15)
Scrolls
 c - a scroll of immolation {unknown}
 d - 7 scrolls of identify {unknown}
 e - a scroll of fog
 i - a scroll of enchant armour
 A - a scroll of recharging
 D - 3 scrolls of remove curse {unknown}
 E - 2 scrolls of teleportation {unknown}
 I - 2 scrolls of random uselessness {unknown}
 K - 2 scrolls of fear {unknown}
Potions
 f - 5 potions of mutation
 j - a potion of invisibility
 k - a potion of magic {unknown}
 n - a potion of haste {unknown}
 o - a potion of lignification
 p - 5 potions of poison
 t - a potion of flight {unknown}
 w - a potion of berserk rage
 x - a potion of cure mutation {unknown}
 z - a potion of resistance {unknown}
 C - 2 potions of brilliance {unknown}
 H - a potion of cancellation {unknown}
 J - a potion of degeneration {unknown}
 P - 2 potions of heal wounds {unknown}
Books
 B - a book of Power

   Spells                             Type                      Level
   a - Fulminant Prism                Conjuration/Hexes            4
   b - Iskenderun's Mystic Blast      Conjuration                  4
   c - Venom Bolt                     Conjuration/Poison           5
   d - Bolt of Magma                  Conjuration/Fire/Earth       5
   e - Iron Shot                      Conjuration/Earth            6
   f - Orb of Destruction             Conjuration                  7
   g - Spellforged Servitor           Conjuration/Summoning        7
 R - a book of the Tempests

   Spells                             Type                      Level
   a - Static Discharge               Conjuration/Air              3
   b - Lightning Bolt                 Conjuration/Air              5
   c - Fireball                       Conjuration/Fire             5
   d - Tornado                        Air                          9
   e - Shatter                        Earth                        9
Comestibles
 b - 8 bread rations
 r - 4 meat rations
 s - 2 beef jerkies


   Skills:
 + Level 9.4 Fighting
 + Level 8.1 Maces & Flails
 + Level 8.5 Armour
 - Level 4.1 Dodging
 - Level 1.5 Stealth
 - Level 4.4 Unarmed Combat
 + Level 6.8 Invocations


You had 8 spell levels left.
You didn't know any spells.

Dungeon Overview and Level Annotations

Branches:
Dungeon (9/15)             Temple (0/1) D:7            Lair (1/8) D:8
    Orc: D:9-12

Altars:
Cheibriados
Dithmenos
Elyvilon
Fedhas
Gozag
Kikubaaqudgha
Okawaru
Qazlal
Yredelemnul

Shops:
D:7 (


Innate Abilities, Weirdness & Mutations

((You reflexively headbutt those who attack you in melee.))
((You have a pair of horns on your head.))
((You have large cloven feet.))
You are weak. (Str -2)


Message History

Your +1 pair of gloves melds into your body.
Your +2 scale mail of positive energy melds into your body.
You feel less protected from negative energy.
Your roots penetrate the ground.
* * * LOW HITPOINT WARNING * * *
You feel very sick.
Drink which item? (? for menu, Esc to quit)
It was a potion of berserk rage.
A red film seems to cover your vision as you go berserk!
You feel yourself moving faster!
You feel mighty!
* * * LOW HITPOINT WARNING * * *
You feel sick.
You are too berserk!
Unknown command.
You are too berserk!
There is a lethal amount of poison in your body!
There is a lethal amount of poison in your body!
Quiver which item? (- for none, * to show all) (? for menu, Esc to quit)
Okay, then.
Are you sure you want to abandon this character and quit the game? (Confirm with "yes".)

#.[#########...#.# #..## #.>#
#...#.# #.## #..# ##.##.# #)#
#..######## #.##.# #.#
#.........# #....# #.#
#...#..##.# ###### #.#
#......##.# #.#
#########.........# #.#
....[)...P.....P♣.# #.#
#####..P..PPPP..P.# #.####
#####....PPP......##########.....
........PPPPPP.P.............####
##.....PPP...)P.P..).#######.#
#......P..PP.P..P...# #.#
#....P.....PP.PP....# #.#
#..P..P.PPP.PP.P.P.## #.#
#.#P.P.P.PP>PPP.P..# #.#


There were no monsters in sight!

Vanquished Creatures
  Nergalle (D:8)
  3 hippogriffs
  Edmund (D:4)
  A porcupine (D:8)
  Purgy (Sewer)
  2 phantoms
  3 sky beasts
  A necrophage (D:5)
  Blork the orc (D:4)
  6 giant frogs
  A wyvern zombie (D:8)
  The ghost of st0uf the Ruffian, a weakling MiMo (D:3)
  2 scorpions
  4 killer bees (D:8)
  3 crimson imps
  2 hounds (D:7)
  A quasit (D:8)
  Ijyb (D:3)
  A jelly (D:7)
  2 orc priests
  A giant frog skeleton (D:4)
  5 worker ants
  Terence (D:3)
  Natasha (thrice) (D:3)
  4 iguanas
  6 orc wizards
  2 hound skeletons
  A hound zombie (D:8)
  A worker ant zombie (D:6)
  7 gnolls
  7 adders
  A river rat (D:8)
  2 shadow imps
  5 oozes
  2 adder zombies (D:6)
  An adder skeleton (D:7)
  2 worms
  5 giant geckos
  32 orcs
  A ball python (D:4)
  7 bats
  11 giant cockroaches
  10 hobgoblins
  17 jackals
  4 quokkas
  7 giant newts
  9 goblins
  12 kobolds
  2 quokka skeletons
  A quokka zombie (D:8)
  13 rats
  A bush (D:2)
  A plant (D:8)
222 creatures vanquished.

Vanquished Creatures (others)
  A bat (D:8)
  11 fungi (D:8)
12 creatures vanquished.

Grand Total: 234 creatures vanquished

Notes
Turn   | Place    | Note
--------------------------------------------------------------
     0 | D:1      | st0uf the Minotaur Monk began the quest for the Orb.
     0 | D:1      | Reached XP level 1. HP: 19/19 MP: 0/0
   106 | D:1      | Reached skill level 1 in Armour
   277 | D:1      | Reached XP level 2. HP: 27/27 MP: 1/1
   824 | D:2      | Reached XP level 3. HP: 6/33 MP: 2/2
  1563 | D:2      | Reached skill level 1 in Maces & Flails
  2174 | D:3      | Reached XP level 4. HP: 19/40 MP: 3/3
  2377 | D:3      | Noticed Natasha
  2385 | D:3      | Killed Natasha
  2522 | D:3      | Found an iron altar of Okawaru.
  2527 | D:3      | Noticed st0uf's ghost (weakling MiMo)
  2538 | D:3      | Became a worshipper of Warmaster Okawaru
  2538 | D:3      | Reached * piety under Okawaru
  2538 | D:3      | Reached ** piety under Okawaru
  2599 | D:3      | Killed st0uf's ghost
  2599 | D:3      | Reached skill level 1 in Invocations
  2599 | D:3      | Reached XP level 5. HP: 35/47 MP: 2/4
  2676 | D:3      | Noticed Terence
  2703 | D:3      | Killed Terence
  2990 | D:3      | Noticed Natasha
  2998 | D:3      | Killed Natasha
  3070 | D:3      | Found a shadowy altar of Dithmenos.
  3071 | D:3      | Found an ancient bone altar of Kikubaaqudgha.
  3084 | D:3      | Found a basalt altar of Yredelemnul.
  3085 | D:3      | Found a blossoming altar of Fedhas.
  3085 | D:3      | Found a snail-covered altar of Cheibriados.
  3088 | D:3      | Noticed Ijyb
  3099 | D:3      | Killed Ijyb
  3099 | D:3      | Reached skill level 5 in Fighting
  3368 | D:4      | Noticed a phantom
  3501 | D:4      | Killed a phantom
  3501 | D:4      | Reached XP level 6. HP: 52/56 MP: 3/6
  3593 | D:4      | Noticed Blork the orc
  3602 | D:4      | Killed Blork the orc
  3669 | D:3      | Noticed Natasha
  3676 | D:3      | Killed Natasha
  3764 | D:4      | Noticed Edmund
  3782 | D:4      | Killed Edmund
  3782 | D:4      | Reached XP level 7. HP: 54/62 MP: 4/8
  4300 | D:4      | Reached skill level 6 in Fighting
  4331 | D:4      | Reached skill level 5 in Armour
  4413 | D:5      | Entered Level 5 of the Dungeon
  4544 | D:5      | Found a white marble altar of Elyvilon.
  4627 | D:5      | Reached skill level 5 in Maces & Flails
  4627 | D:5      | Reached XP level 8. HP: 53/71 MP: 8/10
  4789 | D:5      | Found a glowing drain.
  4796 | Sewer    | Entered a sewer
  4858 | Sewer    | Noticed Purgy
  4874 | Sewer    | Killed Purgy
  5394 | D:6      | Reached skill level 7 in Fighting
  5439 | D:6      | Found a stormy altar of Qazlal.
  5546 | D:6      | Reached *** piety under Okawaru
  5594 | D:6      | Found an opulent altar of Gozag.
  5961 | D:7      | Reached skill level 5 in Invocations
  6093 | D:7      | Found a staircase to the Ecumenical Temple.
  6127 | D:7      | Found Epropink's Antique Weapon Boutique.
  6525 | D:7      | Reached XP level 9. HP: 66/81 MP: 12/12
  6593 | D:7      | Reached skill level 8 in Fighting
  7238 | D:8      | Found a staircase to the Lair.
  8139 | D:8      | Reached **** piety under Okawaru
  8318 | D:8      | Reached skill level 9 in Fighting
  8335 | Lair:1   | Entered Level 1 of the Lair of Beasts
  8335 | Lair:1   | Noticed Nergalle
  8343 | Lair:1   | Noticed a black mamba
  8759 | D:8      | Killed Nergalle
  8759 | D:8      | Received a gift from Okawaru
  8862 | D:8      | Gained mutation: You are weak. (Str -2) [potion of mutation]
  8862 | D:8      | Gained mutation: You have large cloven feet. [potion of mutation]
  8867 | D:8      | HP: 8/189 [poison (a potion of poison)]
  8868 | D:8      | Quit the game

Vault maps used:
D:1:      saegor_arrival_simple_c, minmay_misc_feat_more_columns
D:2:      serial_forest, infiniplex_forest_clump_curved,
          infiniplex_forest_lined_2, infiniplex_forest_clump_medium,
          infiniplex_forest_corner_1, infiniplex_forest_corner_1,
          infiniplex_forest_clump_medium, infiniplex_forest_straight_3,
          minmay_door_square
D:3:      forest_paths, grunt_temple_overflow_open, first_bread, st_stairs_14,
          okawaru_trees_1, uniq_terence, uniq_natasha, uniq_iyjb
D:4:      hangedman_abyss_or_decor_stagger, uniq_blork_the_orc, uniq_edmund
D:5:      basic_altar, lightli_sewer_entry_pipes
D:6:      grunt_qazlal_sundering, serial_park_tiny_2, serial_bayou_ford_a,
          nicolae_gozag_seed_capital
D:7:      minmay_temple_entry_grid, serial_shops, shop_statue,
          kennysheep_small_spiral
D:8:      lemuel_upstairs_altar, due_lair_maze_entry_diamond
D:9:      overflow_temple_1_default, grunt_ogre_cave, minmay_orc_keep
Lair:1:   grunt_megastairs_5, uniq_fannar, uniq_nergalle
Sewer:    kennysheep_door_sewer

Action                   |  1- 3 |  4- 6 |  7- 9 || total
-------------------------+-------+-------+-------++-------
Melee: Club              |   212 |       |       ||   212
       Unarmed           |     6 |       |       ||     6
       Mace              |       |   181 |   468 ||   649
       Flail             |       |       |    33 ||    33
 Fire: Blowgun           |       |     5 |    14 ||    19
Invok: Heroism           |       |     7 |    11 ||    18
  Use: Scroll            |       |       |     7 ||     7
       Potion            |       |       |     6 ||     6
 Stab: Sleeping          |     5 |       |       ||     5
  Eat: Chunk             |     4 |     6 |    15 ||    25
       Pizza             |       |       |     1 ||     1
       Beef jerky        |       |       |     1 ||     1
